 Dungeon Crawl Stone Soup version 0.29.1-1-gd02db6906a (webtiles) character file.

Game seed: 5632661200306119625

340 tardwrangler69 the Digger (level 6, 0/36 HPs)
             Began as an Octopode Earth Elementalist on Oct 5, 2022.
             Slain by an ice beast (14 damage)
             ... on level 4 of the Dungeon.
             The game lasted 00:06:28 (4608 turns).

tardwrangler69 the Digger (OpEE)                    Turns: 4608, Time: 00:06:28

Health: 0/36       AC:  1    Str:  7    XL:     6   Next: 56%
Magic:  3/12       EV: 13    Int: 20    God:
Gold:   213        SH:  0    Dex: 12    Spells: 13/14 levels left

rFire   . . .      SeeInvis .   f - staff of conjuration
rCold   . . .      Faith    .   (no shield)
rNeg    . . .      Spirit   .   (helmet restricted)
rPois   .          Reflect  .   (no amulet)
rElec   .          Harm     .   (no ring)
rCorr   .          Rampage  .   (no ring)
Will    .....                   (no ring)
Stlth   +++.......              (no ring)
HPRegen 0.12/turn               (no ring)
MPRegen 0.13/turn               (no ring)
                                (no ring)
                                (no ring)

@: no status effects
A: almost no armour, amphibious, 8 rings, camouflage 1, gelatinous body 1,
(nimble swimmer 1), tentacles
a: no special abilities


You were on level 4 of the Dungeon.
You visited 1 branch of the dungeon, and saw 4 of its levels.

You collected 213 gold pieces.

Inventory:

Hand Weapons
 e - a +0 dagger
Armour
 d - a +0 buckler
Magical Staves
 f - a staff of conjuration (weapon)
Scrolls
 b - a scroll of enchant armour {unknown}
 c - 9 scrolls of identify {unknown}
 h - a scroll of poison {unknown}
 i - a scroll of blinking {unknown}
 k - a scroll of amnesia {unknown}
 l - a scroll of noise {unknown}
 n - 2 scrolls of enchant weapon {unknown}
Potions
 a - a potion of magic
 g - 4 potions of flight {unknown}
 j - 2 potions of lignification {unknown}
 m - 4 potions of might {unknown}
 o - a potion of attraction {unknown}
 p - 2 potions of brilliance {unknown}


   Skills:
 - Level 2.0 Dodging
 - Level 2.6 Stealth
 + Level 4.5 Spellcasting
 - Level 1.0 Transmutations
 + Level 5.4 Earth Magic


You had 13 spell levels left.
You knew the following spells:

 Your Spells              Type           Power      Damage    Failure   Level
a - Sandblast             Erth           52%        2d12      1%          1

Your spell library contained the following spells:

 Spells                   Type           Power      Damage    Failure   Level
 Passwall                 Tmut/Erth      14%        N/A       4%          2
 Apportation              Tloc           8%         N/A       12%         1
 Stone Arrow              Conj/Erth      46%        3d9       12%         3
 Blink                    Tloc           8%         N/A       19%         2
 Petrify                  Tmut/Erth      17%        N/A       32%         4
 Conjure Flame            Conj/Fire      6%         6-21      36%         3
 Dazzling Flash           Conj/Hex       12%        N/A       36%         3
 Lesser Beckoning         Tloc           4%         N/A       36%         3
 Iskenderun's Mystic Bla  Conj/Tloc      6%         2d4       77%         4
 Alistair's Intoxication  Tmut/Pois      4%         N/A       95%         5
 Manifold Assault         Tloc           4%         N/A       98%         5
 Iron Shot                Conj/Erth      11%        9d3       99%         6
 Starburst                Conj/Fire      3%         6d3       100%        6
 Fire Storm               Conj/Fire      3%         8d1       100%        9


Dungeon Overview and Level Annotations

Branches:
Dungeon (4/15)
 Temple: D:4-7

Altars:

Shops:
D:2 (

Annotations:
D:2 1 runed translucent door, Crazy Yiuf


Innate Abilities, Weirdness & Mutations

You cannot wear most types of armour.
You are amphibious.
You can wear up to eight rings at the same time.
Your skin changes colour to match your surroundings (Stealth+).
Your rubbery body absorbs attacks. (AC +1, EV +1)
((You are camouflaged when in or above water. (Stealth+)))
You have tentacles for arms and can constrict up to eight enemies at once.


Message History

Casting: Sandblast (safe; 1% risk of failure)
Confirm with . or Enter, or press ? or * to list all spells.
Aiming: Sandblast (safe; 1% risk of failure)
Press: ? - help, Shift-Dir - straight line, f/p - ice beast
Aim: an ice beast (lightly wounded, 83% to hit)
The blast of sand hits the ice beast.
The ice beast is moderately wounded.
The ice beast barely misses you. The ice beast hits you.
The ice beast freezes you.
Casting: Sandblast (safe; 1% risk of failure)
Confirm with . or Enter, or press ? or * to list all spells.
Aiming: Sandblast (safe; 1% risk of failure)
Press: ? - help, Shift-Dir - straight line, f/p - ice beast
Aim: an ice beast (moderately wounded, 83% to hit)
The blast of sand hits the ice beast.
The ice beast is heavily wounded.
The ice beast hits you. The ice beast freezes you!
Casting: Sandblast (safe; 1% risk of failure)
Confirm with . or Enter, or press ? or * to list all spells.
Aiming: Sandblast (safe; 1% risk of failure)
Press: ? - help, Shift-Dir - straight line, f/p - ice beast
Aim: an ice beast (heavily wounded, 83% to hit)
The blast of sand hits the ice beast but does no damage.
The ice beast is heavily wounded.
The ice beast barely misses you. The ice beast misses you.
Casting: Sandblast (safe; 1% risk of failure)
Confirm with . or Enter, or press ? or * to list all spells.
Aiming: Sandblast (safe; 1% risk of failure)
Press: ? - help, Shift-Dir - straight line, f/p - ice beast
Aim: an ice beast (moderately wounded, 83% to hit)
The blast of sand misses the ice beast.
The ice beast misses you.
Casting: Sandblast (safe; 1% risk of failure)
Confirm with . or Enter, or press ? or * to list all spells.
Aiming: Sandblast (safe; 1% risk of failure)
Press: ? - help, Shift-Dir - straight line, f/p - ice beast
Aim: an ice beast (moderately wounded, 83% to hit)
The blast of sand hits the ice beast!
The ice beast is almost dead.
The ice beast hits you. The ice beast freezes you!
You die...

#.... ... #....##
###...
.....###......
#............
#............ .
#............ #
#............ #
#..Y@.†......
##...[.....### ###
######...##:#####
..#####......####.#
#...#.....#..# #.#
###.........## ...
.........)..# ...
...............
....
###.........###


You could see an ice beast.

Vanquished Creatures
  A necrophage (D:4)
  3 orc priests
  An orc wizard (D:4)
  8 gnolls
  An adder (D:4)
  An ufetubus (D:4)
  A dart slug (D:2)
  8 orcs
  3 ball pythons
  4 bats
  2 endoplasms
  2 giant cockroaches
  6 goblins
  9 hobgoblins
  2 jackals
  3 quokkas
  4 frilled lizards
  5 kobolds
  8 rats
72 creatures vanquished.

Notes
Turn   | Place    | Note
-------+----------+-------------------------------------------
     0 | D:1      | tardwrangler69 the Octopode Earth Elementalist began the
                  | quest for the Orb.
     0 | D:1      | Reached XP level 1. HP: 11/11 MP: 3/3
   426 | D:1      | Reached XP level 2. HP: 17/17 MP: 5/5
  1307 | D:2      | Reached XP level 3. HP: 21/21 MP: 4/7
  1582 | D:2      | Got the Cyclopedia of Combat Magic
  1856 | D:2      | Reached skill level 4 in Earth Magic
  1856 | D:2      | Reached XP level 4. HP: 27/27 MP: 6/8
  2005 | D:2      | Found a runed translucent door.
  2006 | D:2      | Noticed Crazy Yiuf
  2081 | D:2      | Found a faded altar of an unknown god.
  2274 | D:2      | Found Faficviv's Antique Weapon Shop.
  2869 | D:3      | HP: 1/27 [orc/+0 war axe (1)]
  3852 | D:3      | Reached XP level 5. HP: 21/31 MP: 7/10
  4363 | D:4      | Reached skill level 5 in Earth Magic
  4367 | D:4      | Reached XP level 6. HP: 29/36 MP: 6/12
  4598 | D:4      | Noticed an ice beast
  4608 | D:4      | Slain by an ice beast

Illustrated notes

Levels and vault maps discovered:
D:1:      beargit_arrival_greenhouse, layout_basic
D:2:      layout_basic, shapermc_ecumenical_altar_pompeii, serial_shops,
          nicolae_shop_behind_doors, grunt_decor_fettered,
          uniq_crazy_yiuf_cottage
D:3:      layout_loops_cross, grunt_decor_arrowhead, minmay_distorted
D:4:      layout_rooms

Skill      XL: |  1  2  3  4  5 |
---------------+----------------+-----
Spellcasting   | 3 4 |  4.5
Earth Magic    | 4 5 |  5.4
Dodging        | |  2.0
Stealth        | |  2.6
Transmutations | |  1.0

Action                   |  1- 3 |  4- 6 || total
-------------------------+-------+-------++-------
Melee: Unarmed           |     4 |       ||     4
       Dagger            |     2 |       ||     2
       Constrict         |     1 |       ||     1
       Tentacles         |     1 |       ||     1
       Staff             |       |     1 ||     1
 Cast: Sandblast         |    35 |    88 ||   123
Armor: Skin              |     2 |     1 ||     3
Dodge: Dodged            |    12 |    33 ||    45
